 Dungeon Crawl Stone Soup version 0.28-a0-32-g8dfe7f97f6 (webtiles) character file.

Game seed: 7849602858827521147

184 Sweetruy1997 the Changer (level 5, -2/41 HPs)
             Began as a Draconian Transmuter on July 27, 2021.
             Slain by a gnoll (12 damage)
             ... on level 3 of the Dungeon.
             The game lasted 00:07:48 (2874 turns).

Sweetruy1997 the Changer (Draconian Transmuter)     Turns: 2874, Time: 00:07:49

Health: -2/41      AC:  6    Str: 12    XL:     5   Next: 36%
Magic:  7/9        EV: 12    Int: 15    God:
Gold:   29         SH:  0    Dex: 11    Spells: 0/10 levels left

rFire   + . .      SeeInvis +   a - staff of fire
rCold   . . .      Faith    .   (no shield)
rNeg    . . .      Spirit   .   (armour unavailable)
rPois   .          Reflect  .   (helmet currently unavailable)
rElec   .          Harm     .   (no cloak)
rCorr   .          Rampage  .   h - +0 pair of gloves
Will    .....                   (boots currently unavailable)
Stlth   +.........              (no amulet)
HPRegen 0.13/turn               d - ring of see invisible
MPRegen 0.11/turn               (no ring)

@: appendages (expiring), wereblooded
A: horns 2, talons 2, AC +5, unfitting armour, cold-blooded
a: End Transformation


You were on level 3 of the Dungeon.
You had temporarily grown beastly horns and talons.
You visited 1 branch of the dungeon, and saw 3 of its levels.

You collected 89 gold pieces.
You spent 60 gold pieces at shops.

Inventory:

Armour
 h - a +0 pair of gloves (worn)
Magical Staves
 a - a staff of fire (weapon)
Jewellery
 d - a ring of see invisible (left hand)
Scrolls
 b - a scroll of blinking
 i - a scroll of fear {unknown}
Potions
 c - a potion of haste
 e - a potion of might {unknown}
 f - 2 potions of brilliance
 g - 2 potions of flight


   Skills:
 + Level 1.9 Fighting
 + Level 2.1 Staves
 + Level 2.3 Dodging
 + Level 0.2 Stealth
 + Level 3.0 Unarmed Combat
 + Level 3.1 Spellcasting
 + Level 3.5 Transmutations


You couldn't memorise any spells.
You knew the following spells:

 Your Spells              Type           Power      Damage    Failure   Level
a - Beastly Appendage     Tmut           24%        N/A       4%          1
b - Wereblood             Tmut           12%        N/A       7%          2
c - Spider Form           Tmut/Pois      3%         N/A       28%         3
d - Ice Form              Ice/Tmut       7%         N/A       67%         4

Your spell library contained the following spells:

 Spells                   Type           Power      Damage    Failure   Level
 Mephitic Cloud           Conj/Pois/Air  2%         N/A       52%         3
 Alistair's Intoxication  Tmut/Pois      4%         N/A       95%         5
 Simulacrum               Ice/Necr       1%         N/A       100%        6


Dungeon Overview and Level Annotations

Branches:
Dungeon (3/15)

Altars:

Shops:
D:2 [(([?


Innate Abilities, Weirdness & Mutations

You have temporarily grown beastly horns and talons.
Your plain brown scales are hard. (AC +5)
You cannot fit into any form of body armour.
You are cold-blooded and may be slowed by cold attacks.


Message History

The gnoll hits you with a +0 club.
You closely miss the gnoll. Your kick misses the gnoll.
Your headbutt misses the gnoll.
The gnoll is heavily wounded.
The gnoll misses you.
You hit the gnoll. You headbutt the gnoll.
The gnoll is almost dead.
The gnoll barely misses you.
The gnoll hits you from afar with a +0 halberd.
You hit the gnoll.
You feel a bit better.
You kill the gnoll!
The gnoll barely misses you. The gnoll closely misses you.
The gnoll hits you with a +0 halberd.
Things that are here:
a +0 club; a gnoll corpse You hit the gnoll.
The gnoll is moderately wounded.
The gnoll hits you with a +0 halberd!
You hit the gnoll but do no damage.
The gnoll is moderately wounded.
Your transformation is almost over.
The gnoll hits you with a +0 halberd.
You hit the gnoll. You claw the gnoll. You headbutt the gnoll.
You feel a bit better.
You kill the gnoll!
You howl as the wereblood boils in your veins!
You howl as the wereblood boils in your veins!
The gnoll hits you from afar with a +0 halberd.
Things that are here:
a +0 halberd; a gnoll corpse The gnoll hits you with a +0 halberd.
* * * LOW HITPOINT WARNING * * *
You hit the gnoll.
The gnoll is lightly wounded.
The gnoll completely misses you.
You hit the gnoll.
The gnoll is moderately wounded.
The gnoll hits you with a +0 halberd!
You die...

#
..≈.≈≈≈≈≈≈≈≈≈.≈)≈≈≈≈#.#.....##
###..≈≈......≈.†.#≈≈≈≈####...##
.....#.........<.##≈≈≈# #####
###............)####≈≈#
##>............## ##≈#
....##......#.#### ≈# #..##
....( #..).# ## ..## ....
####)## ## .##### ...
#..@.###.# †....# ...
#..g.....#
.....#########........#
......................#
.........................
.....#########........#...
.....# ##########.g.# .....#
..# .....# .#


You could see a gnoll.

Vanquished Creatures
  A hound (D:2)
  A centaur skeleton (D:3)
  2 gnolls (D:3)
  3 adders
  A worm (D:2)
  4 dart slugs
  4 orcs (D:3)
  9 ball pythons
  5 bats
  7 endoplasms
  2 giant cockroaches
  7 goblins
  4 hobgoblins
  4 jackals (D:1)
  2 kobolds
  2 quokkas
  3 frilled lizards
  3 rats
64 creatures vanquished.

Notes
Turn   | Place    | Note
-------+----------+-------------------------------------------
     0 | D:1      | Sweetruy1997 the Draconian Transmuter began the quest for
                  | the Orb.
     0 | D:1      | Reached XP level 1. HP: 16/16 MP: 3/3
   116 | D:1      | Reached XP level 2. HP: 5/23 MP: 3/5
   366 | D:1      | Learned a level 2 spell: Wereblood
   737 | D:1      | Reached skill level 1 in Staves
  1098 | D:2      | Reached XP level 3. HP: 23/28 MP: 4/6
  1117 | D:2      | Learned a level 3 spell: Spider Form
  1190 | D:2      | Found Zuggurah's Antique Weapon Shop.
  1405 | D:2      | Found Tiut's Armour Emporium.
  1409 | D:2      | Found Ojefaax's Antique Weapon Shop.
  1532 | D:2      | Found Juschiqinuo's Magic Scroll Emporium.
  1541 | D:2      | Bought a scroll of identify for 20 gold pieces
  1541 | D:2      | Bought a scroll of identify for 20 gold pieces
  1541 | D:2      | Bought a scroll of identify for 20 gold pieces
  1723 | D:2      | Reached XP level 4. HP: 8/35 MP: 6/8
  2134 | D:2      | Found a faded altar of an unknown god.
  2324 | D:2      | Found Riptaff's Armour Emporium.
  2708 | D:3      | Got the Compendium of Freezing Poison
  2744 | D:3      | Reached XP level 5. HP: 37/41 MP: 7/9
  2816 | D:3      | Learned a level 4 spell: Ice Form
  2874 | D:3      | Slain by a gnoll

Illustrated notes

Levels and vault maps discovered:
D:1:      giann_wishing_wells, layout_basic
D:2:      layout_basic, serial_shops, shop_fountains, nicolae_lakefront_shop,
          nicolae_lakefront_shop, shop, nicolae_shop_waterfront,
          basic_ecumenical_altar, minmay_fountain_box
D:3:      layout_rooms, serial_park_tiny_pond, minmay_misc_feat_five,
          chequers_serial_rivers_large_a, serial_bayou_ford_a

Skill      XL: |  1  2  3  4  5 |
---------------+----------------+-----
Staves         | 1 2 |  2.1
Dodging        | 2 |  2.3
Transmutations | 3 |  3.5
Spellcasting   | 3 |  3.1
Fighting       | |  1.9
Stealth        | |  0.2
Unarmed Combat | |  3.0

Action                   |  1- 3 |  4- 6 || total
-------------------------+-------+-------++-------
Melee: Staff             |   106 |    79 ||   185
       Tailslap          |    10 |     6 ||    16
       Kick              |    12 |    21 ||    33
       Headbutt          |     8 |    11 ||    19
 Cast: Beastly Appendage |    25 |    15 ||    40
       Wereblood         |     3 |     3 ||     6
  Use: Scroll            |     2 |     3 ||     5
       Potion            |     1 |       ||     1
Armor: Skin              |    48 |    27 ||    75
Dodge: Dodged            |    94 |    56 ||   150

Table legend: (Time is in decaauts)
 A = Elapsed time spent in this place.
 B = Non-inter-level travel time spent in this place.
 C = Inter-level travel time spent in this place.
 D = Time resting spent in this place.
 E = Time spent auto-exploring this place.
 F = Levels seen in this place.
 G = Mean time per level.
                   A        B        C        D        E       F      G
               +--------+--------+--------+--------+--------+-----+--------+
         Total |   2906 |   2818 |     88 |    762 |   1587 |   3 |  968.7 |
       Dungeon |   2906 |   2818 |     88 |    762 |   1587 |   3 |  968.7 |
               +--------+--------+--------+--------+--------+-----+--------+

Top non-repeatable levels by time:
     D:2: 1383 daAuts
     D:1: 1036 daAuts
     D:3: 486 daAuts
